 Dungeon Crawl Stone Soup version 0.29-a0-106-g0a07039d5a (webtiles) character file.

Game seed: 10183702325569659574

79 kae the Ruffian (level 4, 0/36 HPs)
             Began as a Draconian Transmuter on Feb 16, 2022.
             Slain by a gnoll (4 damage)
             ... on level 2 of the Dungeon.
             The game lasted 00:00:46 (1539 turns).

kae the Ruffian (Draconian Transmuter)              Turns: 1539, Time: 00:00:46

Health: 0/36       AC:  5    Str: 19    XL:     4   Next: 16%
Magic:  0/7        EV: 12    Int: 15    God:
Gold:   67         SH:  0    Dex: 11    Spells: 3/7 levels left

rFire   . . .      SeeInvis .     - Unarmed
rCold   . . .      Faith    .   (no shield)
rNeg    . . .      Spirit   .   (armour unavailable)
rPois   .          Reflect  .   (helmet currently unavailable)
rElec   .          Harm     .   (no cloak)
rCorr   .          Rampage  .   (no gloves)
Will    .....                   (boots currently unavailable)
Stlth   +.........              (no amulet)
HPRegen 0.12/turn               d - +6 ring of strength
MPRegen 0.10/turn               (no ring)

@: appendages (expiring), very slightly contaminated
A: horns 2, talons 2, AC +5, unfitting armour, cold-blooded
a: End Transformation


You were on level 2 of the Dungeon.
You had temporarily grown beastly horns and talons.
You visited 1 branch of the dungeon, and saw 2 of its levels.

You collected 67 gold pieces.

Inventory:

Jewellery
 d - a +6 ring of strength (left hand)
Scrolls
 b - a scroll of identify
Potions
 a - 2 potions of magic
 c - 2 potions of ambrosia {unknown}


   Skills:
 + Level 1.7 Fighting
 + Level 2.1 Dodging
 * Level 3.6 Unarmed Combat
 + Level 2.3 Spellcasting
 * Level 2.8 Transmutations
 * Level 0.9 Poison Magic


You had 3 spell levels left.
You knew the following spells:

 Your Spells              Type           Power      Damage    Failure   Level
a - Beastly Appendage     Tmut           20%        N/A       7%          1
b - Spider Form           Tmut/Pois      7%         N/A       30%         3

Your spell library contained the following spells:

 Spells                   Type           Power      Damage    Failure   Level
 Wereblood                Tmut           10%        N/A       10%         2
 Sublimation of Blood     Necr           1%         N/A       32%         2
 Ice Form                 Ice/Tmut       6%         N/A       75%         4
 Petrify                  Tmut/Erth      6%         N/A       75%         4
 Irradiate                Conj/Tmut      3%         3d14      97%         5


Dungeon Overview and Level Annotations

Branches:
Dungeon (2/15)

Altars:

Annotations:
D:1 1 runed translucent door


Innate Abilities, Weirdness & Mutations

You have temporarily grown beastly horns and talons.
Your plain brown scales are hard. (AC +5)
You cannot fit into any form of body armour.
You are cold-blooded and may be slowed by cold attacks.


Message History

The spell is extremely dangerous to miscast (30% risk of failure)!
Continue anyway?
You miscast Spider Form.
You are very lightly contaminated with residual magic.
Nothing appears to happen.
The ball python bites you. The ball python closely misses you.
The ball python bites you but does no damage.
The ball python grabs you. The ball python constricts you.
You closely miss the ball python. The ball python misses you.
The ball python constricts you.
Casting: Spider Form (extremely dangerous; 30% risk of failure)
Confirm with . or Enter, or press ? or * to list all spells.
The spell is extremely dangerous to miscast (30% risk of failure)!
Continue anyway? [Y]es or [N]o only, please.
The spell is extremely dangerous to miscast (30% risk of failure)!
Continue anyway?
You miscast Spider Form.
Your limbs ache and wobble like jelly.
The ball python bites you but does no damage.
The ball python constricts you.
You barely miss the ball python. You headbutt the ball python.
You kill the ball python!
You have reached level 4!
You feel stronger.
Unknown command.
You closely miss the gnoll.
The gnoll is heavily wounded.
The gnoll hits you with a +0 flail!
You hit the gnoll but do no damage. You claw the gnoll. You headbutt the gnoll.
You kill the gnoll!
Your transformation is almost over.
You hit the gnoll. You claw the gnoll. Your headbutt misses the gnoll.
The gnoll is moderately wounded.
The gnoll hits you with a +0 whip.
* * * LOW HITPOINT WARNING * * *
You closely miss the gnoll. Your kick misses the gnoll.
The gnoll is moderately wounded.
The gnoll hits you with a +0 whip.
* * * LOW HITPOINT WARNING * * *
You hit the gnoll. Your headbutt misses the gnoll.
The gnoll is severely wounded.
The gnoll hits you with a +0 whip.
You die...

.........#####
#.##.##.###...
......)###...#
#.#.(.....<...
####.........#
#.#..##...##..
#....≈P.≈.#
#.............
#...♣≈≈.≈≈#
########...#.#
#..♣≈P≈.≈≈♣#
#####..........#
....♣≈≈≈.≈≈≈♣ ...
#.#####.....
###..♣≈≈P.≈P≈♣##.####.#
##....
...♣P≈≈.≈≈≈≈g@......#
#.8..
....≈≈≈≈.≈≈≈♣##+######
#.... ###♣♣≈.≈≈≈♣ #....
♣≈.P≈≈. #.... ♣≈.≈≈≈..
#.... ♣≈.≈P≈... .....
≈≈≈.≈≈Pg... #.8..
♣♣≈≈.≈≈≈♣♣..≈ ♣≈≈.≈≈≈♣
♣♣♣♣


You could see a gnoll.

Vanquished Creatures
  Terence (D:2)
  A gnoll (D:2)
  An adder (D:2)
  4 endoplasms
  5 giant cockroaches (D:1)
  2 goblins (D:1)
  3 hobgoblins
  4 jackals (D:1)
  3 ball pythons
  2 bats (D:1)
  2 kobolds (D:1)
  5 rats
33 creatures vanquished.

Vanquished Creatures (others)
  28 plants (D:2)
28 creatures vanquished.

Grand Total: 61 creatures vanquished

Notes
Turn   | Place    | Note
-------+----------+-------------------------------------------
     0 | D:1      | kae the Draconian Transmuter began the quest for the Orb.
     0 | D:1      | Reached XP level 1. HP: 16/16 MP: 3/3
     3 | D:1      | Found a runed translucent door.
   315 | D:1      | Reached XP level 2. HP: 19/23 MP: 3/5
  1173 | D:2      | Reached XP level 3. HP: 27/28 MP: 4/6
  1177 | D:2      | Learned a level 3 spell: Spider Form
  1391 | D:2      | Noticed Terence
  1405 | D:2      | Killed Terence
  1535 | D:2      | Reached XP level 4. HP: 22/36 MP: 0/7
  1539 | D:2      | Slain by a gnoll

Illustrated notes

Levels and vault maps discovered:
D:1:      dpeg_arrival_caged_fury, layout_basic, minmay_worlds_worst_comb
D:2:      layout_basic, serial_bayou, serial_bayou_lagoon_a,
          serial_bayou_lake_a, serial_bayou_pond_b, serial_bayou_lagoon_b,
          chequers_ecumenical_altar_island, st_stairs_1, uniq_terence

Skill      XL: |  1  2 |
---------------+-------+-----
Dodging        | 2 |  2.1
Fighting       | |  1.7
Unarmed Combat | |  3.6
Spellcasting   | |  2.3
Transmutations | |  2.8
Poison Magic   | |  0.9

Action                   |  1- 3 |  4- 6 || total
-------------------------+-------+-------++-------
Melee: Unarmed           |    99 |     5 ||   104
       Kick              |    12 |     2 ||    14
       Headbutt          |    10 |     1 ||    11
       Tailslap          |     9 |       ||     9
       Punch             |     2 |       ||     2
 Cast: Beastly Appendage |    19 |       ||    19
       Spider Form       |     1 |       ||     1
  Use: Scroll            |     1 |       ||     1
Armor: Skin              |    35 |       ||    35
Dodge: Dodged            |    90 |       ||    90

Table legend: (Time is in decaauts)
 A = Elapsed time spent in this place.
 B = Non-inter-level travel time spent in this place.
 C = Inter-level travel time spent in this place.
 D = Time resting spent in this place.
 E = Time spent auto-exploring this place.
 F = Levels seen in this place.
 G = Mean time per level.
                   A        B        C        D        E       F      G
               +--------+--------+--------+--------+--------+-----+--------+
         Total |   1537 |   1533 |      4 |      0 |   1277 |   2 |  768.5 |
       Dungeon |   1537 |   1533 |      4 |      0 |   1277 |   2 |  768.5 |
               +--------+--------+--------+--------+--------+-----+--------+

Top non-repeatable levels by time:
     D:1: 1157 daAuts
     D:2: 379 daAuts
